AoeStats
← cristobalfelipeg

Black Forest

510860619Analyzed
2v2 RM · 8h ago on Oct 2, 2026· 38m 16s· 4 players
Game mode
Random Map
Map size
Medium (4 player)
Population
200
Speed
Normal
Resources
Standard
Victory
Conquest
Starting age
Dark Age
Ending age
Imperial Age
RankedLock teamsTeams togetherTeam positionsShared explorationLock speedFull tech treeHidden civsTurbo modeCheats
Victory
Defeat
🇨🇱 Chinese · Chile
968
+14
🇦🇷 Saracens · Argentina
920
+15
🇺🇸 Varangians · United States
945
-16
🇮🇳 Spanish · India
877
-13
emanuelvicente14
0:41 Loom
13:33 Feudal Age
14:09 Double-Bit Axe
15:06 Wheelbarrow
19:22 Castle Age
17:23 Horse Collar
19:31 Stone Mining
27:31 Gold Mining
32:24 Imperial Age
33:06 Fortified Wall
33:34 Ballistics
33:21 Caravan
33:36 Murder Holes
35:06 Chemistry
34:04 Murder Holes
33:33 Heavy Camel Rider
34:13 Husbandry
34:24 Bloodlines
34:25 Padded Archer Armor
34:26 Scale Mail Armor
34:32 Scale Barding Armor
34:37 Forging
36:04 Elite Skirmisher
37:12 Parthian Tactics
36:52 Thumb Ring
cristobalfelipeg
0:26 Loom
16:25 Feudal Age
16:40 Man-at-Arms
18:58 Wheelbarrow
18:18 Double-Bit Axe
19:25 Town Watch
22:48 Gold Mining
27:59 Castle Age
26:00 Stone Mining
26:42 Padded Archer Armor
27:14 Bloodlines
28:57 Husbandry
33:09 Bow Saw
32:40 Horse Collar
34:12 Thumb Ring
35:20 Murder Holes
35:59 Fletching
37:30 Elite Skirmisher
Spar27
2:16 Loom
12:36 Feudal Age
13:48 Double-Bit Axe
16:09 Horse Collar
17:20 Scale Mail Armor
17:31 Forging
19:05 Wheelbarrow
32:39 Castle Age
life_stuck_in_errors
14:14 Feudal Age
20:48 Castle Age
19:43 Double-Bit Axe
21:41 Wheelbarrow
35:31 Imperial Age
37:09 Padded Archer Armor
37:14 Scale Barding Armor
Connection lost

Rejoining the realm…

Still unreachable

The connection could not be restored.

Session expired

The server has moved on; the page needs a fresh start.